 Dungeon Crawl Stone Soup version 0.29.1-15-g9cfb28693d (webtiles) character file.

Game seed: 4422037744442242533

94 MultiZver the Stinger (level 4, -3/29 HPs)
             Began as a Draconian Venom Mage on Mar 20, 2023.
             Was a Follower of Hepliaklqana.
             Killed from afar by Ijyb (16 damage)
             ... with an iceblast
             ... on level 3 of the Dungeon.
             The game lasted 00:08:04 (3000 turns).

MultiZver the Stinger (Draconian Venom Mage)        Turns: 3000, Time: 00:08:05

Health: -3/29      AC:  7    Str: 10    XL:     4   Next: 38%
Magic:  1/7        EV: 12    Int: 17    God:    Hepliaklqana [*.....]
Gold:   65         SH:  5    Dex: 12    Spells: 4/7 levels left

rFire   . . .      SeeInvis .   g - +1 dagger (venom)
rCold   . . .      Faith    .   (no shield)
rNeg    . . .      Spirit   .   (body armour unavailable)
rPois   .          Reflect  +   (helmet restricted)
rElec   .          Harm     .   (no cloak)
rCorr   .          Rampage  .   (no gloves)
Will    .....                   q - +1 pair of boots
Stlth   ++........              m - amulet of reflection
HPRegen 0.09/turn               (no ring)
MPRegen 0.10/turn               (no ring)

@: no status effects
A: reduced essence, AC +5, unfitting armour, cold-blooded
a: Renounce Religion, Recall Ancestor, Ancestor Identity


You were on level 3 of the Dungeon.
You worshipped Hepliaklqana.
Hepliaklqana was aware of your devotion.
You visited 1 branch of the dungeon, and saw 3 of its levels.

You collected 65 gold pieces.

Inventory:

Hand Weapons
 b - a +0 hand axe
 d - a +0 short sword
 g - a +1 dagger of venom (weapon)
Armour
 q - a +1 pair of boots (worn)
Jewellery
 m - an amulet of reflection (around neck)
Scrolls
 i - a scroll of vulnerability {unknown}
 k - a scroll of teleportation {unknown}
 l - a scroll of identify {unknown}
 n - a scroll of enchant armour {unknown}
 p - a scroll of immolation {unknown}
Potions
 a - a potion of magic
 c - a potion of degeneration {unknown}
 e - 2 potions of berserk rage {unknown}
 f - 2 potions of curing {unknown}
 h - a potion of might {unknown}
 j - a potion of brilliance {unknown}
 o - a potion of haste {unknown}


   Skills:
 - Level 1.7 Dodging
 - Level 1.7 Stealth
 - Level 2.0 Spellcasting
 - Level 1.0 Transmutations
 + Level 5.2 Poison Magic


You had 4 spell levels left.
You knew the following spells:

 Your Spells              Type           Power      Damage    Failure   Level
x - Poisonous Vapours     Pois/Air       20%        N/A       10%         2
z - Sting                 Tmut/Pois      48%        1d5       5%          1

Your spell library contained the following spells:

 Spells                   Type           Power      Damage    Failure   Level
 Olgreb's Toxic Radiance  Pois           19%        N/A       22%         4
 Static Discharge         Conj/Air       1%         3-4/arc   28%         2
 Mephitic Cloud           Conj/Pois/Air  7%         N/A       28%         3
 Lightning Bolt           Conj/Air       0%         1d11      99%         5
 Maxwell's Capacitive Co  Air            0%         ∞         100%        8


Dungeon Overview and Level Annotations

Branches:
Dungeon (3/15)

Altars:
Hepliaklqana
Nemelex Xobeh

Annotations:
D:3 Ijyb


Innate Abilities, Weirdness & Mutations

Your life essence is reduced to manifest your ancestor. (-10% HP)
Your plain brown scales are hard. (AC +5)
You cannot fit into any form of body armour.
You are cold-blooded and may be slowed by cold attacks.


Message History

Press: ? - help, Dir - move target, f - Ijyb
Aim: Ijyb, wielding a +0 club, wearing a +0 scale mail and carrying a wand of iceblast (5) (asleep, ally target) Poisonous vapours surround Ijyb!
Ijyb is poisoned.
Ijyb shouts!
Casting: Poisonous Vapours (safe; 10% risk of failure)
Confirm with . or Enter, or press ? or * to list all spells.
Aiming: Poisonous Vapours (safe; 10% risk of failure)
Press: ? - help, Dir - move target, f/p - Ijyb
Aim: Ijyb, wielding a +0 club, wearing a +0 scale mail and carrying a wand of iceblast (5) (poisoned, ally target) Poisonous vapours surround Ijyb!
Ijyb looks even sicker.
Ijyb attacks as you move away! You block Ijyb's attack.
Ijyb hits Will with a +0 club.
Casting: Poisonous Vapours (safe; 10% risk of failure)
Confirm with . or Enter, or press ? or * to list all spells.
Aiming: Poisonous Vapours (safe; 10% risk of failure)
Press: ? - help, Dir - move target, f/p - Ijyb
Aim: Ijyb, wielding a +0 club, wearing a +0 scale mail and carrying a wand of iceblast (5) (lightly wounded, very poisoned)
You miscast Poisonous Vapours.
You are very lightly contaminated with residual magic.
Nothing appears to happen.
Ijyb hits Will with a +0 club.
Will barely misses Ijyb.
Casting: Poisonous Vapours (safe; 10% risk of failure)
Confirm with . or Enter, or press ? or * to list all spells.
Aiming: Sting (safe; 5% risk of failure)
Press: ? - help, Shift-Dir - straight line, f/p - Ijyb
Aim: Ijyb, wielding a +0 club, wearing a +0 scale mail and carrying a wand of iceblast (5) (lightly wounded, very poisoned, ally target, 68% to hit)
Will avoids your attack.
The sting hits Ijyb but does no damage.
Ijyb looks even sicker.
Ijyb is lightly wounded.
Will misses Ijyb.
Ijyb barely misses Will.
Ijyb hits Will with a +0 club.
Will closely misses Ijyb.
Will hits Ijyb but does no damage.
Ijyb hits Will with a +0 club.
Will is destroyed!
Your magical contamination has completely faded away.
Ijyb zaps a wand.
The mass of ice explodes!
The iceblast engulfs you!
Ouch! That really hurt!
You hear a shout!
Ijyb zaps a wand.
The mass of ice explodes!
The iceblast engulfs you!
Ouch! That really hurt!
You die...

# #.# .. #.# # #..####.#.#
>......#.# #......
#.#..###### ##.#.).....##
#...#.####†.## #..@#.#
##..####### #...#.#
##........
#...#.######........
#...#......#........
#######g..#......##.......
#..g......#......##.######
#.#####.#.#......##...####
#.##....#.................
...#....###......######...


You could see Ijyb (poisoned).

Vanquished Creatures
  Terence (D:2)
  An adder (D:3)
  2 dart slugs
  An orc (D:2)
  3 bats
  5 endoplasms
  3 giant cockroaches (D:1)
  3 hobgoblins
  4 quokkas
  6 ball pythons
  A frilled lizard (D:1)
  2 goblins (D:2)
  4 kobolds (D:1)
  5 rats
41 creatures vanquished.

Vanquished Creatures (collateral kills)
  4 orcs
  An endoplasm (D:2)
  A giant cockroach (D:2)
  A kobold (D:3)
  A frilled lizard (D:2)
8 creatures vanquished.

Vanquished Creatures (others)
  4 ancestors
4 creatures vanquished.

Grand Total: 53 creatures vanquished

Notes
Turn   | Place    | Note
-------+----------+-------------------------------------------
     0 | D:1      | MultiZver the Draconian Venom Mage began the quest for the
                  | Orb.
     0 | D:1      | Reached XP level 1. HP: 14/14 MP: 3/3
   322 | D:1      | Reached XP level 2. HP: 19/20 MP: 1/5
   370 | D:1      | Learned a level 2 spell: Poisonous Vapours
   854 | D:1      | Reached skill level 4 in Poison Magic
  1490 | D:1      | Found a faded altar of an unknown god.
  1516 | D:1      | Prayed at the altar of an unknown god.
  1516 | D:1      | Became a worshipper of Hepliaklqana the Forgotten
  1516 | D:1      | Reached * piety under Hepliaklqana
  1537 | D:2      | Found a sparkling altar of Nemelex Xobeh.
  1590 | D:2      | Reached XP level 3. HP: 23/23 MP: 0/6
  2442 | D:2      | Noticed Terence
  2459 | D:2      | Killed Terence
  2460 | D:2      | Reached skill level 5 in Poison Magic
  2460 | D:2      | Reached XP level 4. HP: 29/29 MP: 1/7
  2983 | D:3      | Noticed Ijyb
  3000 | D:3      | Killed from afar by Ijyb

Illustrated notes

Levels and vault maps discovered:
D:1:      dpeg_arrival_three_smaller_balls, layout_basic,
          shapermc_ecumenical_altar_mp_vishouse
D:2:      layout_basic, basic_altar, wad_orctagon, uniq_terence
D:3:      layout_basic, serial_shops, nicolae_shop_statue_plus, uniq_ijyb

Skill      XL: |  1  2  3 |
---------------+----------+-----
Poison Magic   | 4 5 |  5.2
Dodging        | |  1.7
Stealth        | |  1.7
Spellcasting   | |  2.0
Transmutations | |  1.0

Action                   |  1- 3 |  4- 6 || total
-------------------------+-------+-------++-------
Melee: Hand axe          |     3 |       ||     3
       Unarmed           |     1 |       ||     1
       Dagger            |    32 |     5 ||    37
       Tailslap          |       |     1 ||     1
 Cast: Sting             |    37 |     7 ||    44
       Poisonous Vapours |    21 |     8 ||    29
Invok: Ancestor Identity |     1 |       ||     1
 Stab: Sleeping          |       |     1 ||     1
Armor: Skin              |    12 |       ||    12
Dodge: Dodged            |    37 |     1 ||    38
Block: Other             |     1 |     3 ||     4
